 Dungeon Crawl Stone Soup version 0.19.1-1-g22dce08 (webtiles) character file.

34412 Gargoyl the Cleaver (level 13, -1/113 HPs)
             Began as a Ghoul Abyssal Knight on Jan 6, 2017.
             Was the Champion of Lugonu.
             Slain by a spiny frog (3 damage)
             ... on level 6 of the Lair of Beasts.
             The game lasted 00:35:01 (16497 turns).

Gargoyl the Cleaver (Ghoul Abyssal Knight)         Turns: 16497, Time: 00:35:02

Health: -1/113     AC: 20    Str: 20    XL:     13   Next: 77%
Magic:  20/20      EV:  2    Int:  7    God:    Lugonu [******]
Gold:   1165       SH:  0    Dex: 12    Spells: 0 memorised, 12 levels left

rFire  . . .     SeeInvis .     Y - +5 executioner's axe (protect)
rCold  + . .     Gourm    .     F - +0 storm dragon scales
rNeg   + + +     Faith    .     (shield currently unavailable)
rPois  ∞         Spirit   .     L - +1 helmet
rElec  +         Reflect  +     T - +0 cloak
rCorr  .         Harm     .     (no gloves)
MR     .....                    q - +0 pair of boots
Stlth  ..........               p - +5 amulet of reflection
                                G - +3 ring of strength
                                l - +2 ring of evasion

@: petrified, rotting
A: rotting body, claws 1, carnivore 3, cold resistance 1, negative energy
resistance 3, slow regeneration 1, torment resistance, unbreathing
a: Depart the Abyss, Bend Space, Banish, Corrupt, Enter the Abyss, Brand Weapon
With Distortion, Renounce Religion


You were on level 6 of the Lair of Beasts.
You worshipped Lugonu.
Lugonu was exalted by your worship.
You were not hungry.

You visited 2 branches of the dungeon, and saw 17 of its levels.
You visited the Abyss 1 time.
You also visited: Ice Cave.

You collected 1165 gold pieces.

Inventory:

Hand Weapons
 o - a +0 broad axe
 v - the +1 flail of Law {flame, Str+2}
   (You found it on level 6 of the Dungeon)

   It has been specially enchanted to burn those struck by it, causing extra
   injury to most foes and up to half again as much damage against particularly
   susceptible opponents.
   It affects your strength (+2).
 y - the +6 war axe of Karma {drain, rElec Int+3}
   (You found it on level 4 of the Dungeon)

   A truly terrible weapon, it drains the life of those it strikes.
   It affects your intelligence (+3).
   It insulates you from electricity.
 Q - a +0 war axe
 R - a +2 spear of venom
 Y - a +5 executioner's axe of protection (weapon)
Missiles
 e - 12 javelins (quivered)
Armour
 i - a +0 buckler
 q - a +0 pair of boots (worn)
 F - +0 storm dragon scales (worn)
 L - a +1 helmet (worn)
 T - a +0 cloak (worn)
Rods
 f - a +1 lightning rod (14/14)
   (You found it on level 1 of the Lair of Beasts)
Jewellery
 j - an uncursed ring of stealth {unknown}
 l - a +2 ring of evasion (left claw)
 p - a +5 amulet of reflection (around neck)
 s - an uncursed ring of protection from cold
 w - an uncursed ring of see invisible {unknown}
 G - a +3 ring of strength (right claw)
 J - an uncursed amulet of regeneration
 O - a cursed -2 ring of protection {unknown}
 P - an uncursed ring of protection from magic
 U - a cursed amulet of inaccuracy {unknown}
 Z - an uncursed amulet of harm {unknown}
Wands
 g - a wand of teleportation (3/9)
 A - a wand of flame (27/48)
 B - a wand of slowing (24/48)
 E - a wand of paralysis (17/24)
 V - a wand of hasting (5/9)
Scrolls
 a - 6 scrolls of identify
 d - a scroll of recharging
 t - 4 scrolls of fear
 D - 5 scrolls of remove curse
 H - a scroll of amnesia
 N - 2 scrolls of magic mapping
 S - 2 scrolls of blinking
 W - a scroll of fog
Potions
 k - a potion of agility
 m - 4 potions of invisibility
 n - 4 potions of haste
 r - 2 potions of flight
 x - 2 potions of cure mutation
 C - 2 potions of curing
 I - a potion of heal wounds
 M - a potion of berserk rage {unknown}
Books
 u - a book of Power

   Spells                             Type                      Level
   a - Fulminant Prism                Conjuration/Hexes            4
   b - Iskenderun's Mystic Blast      Conjuration                  4
   c - Venom Bolt                     Conjuration/Poison           5
   d - Bolt of Magma                  Conjuration/Fire/Earth       5
   e - Iron Shot                      Conjuration/Earth            6
   f - Orb of Destruction             Conjuration                  7
   g - Spellforged Servitor           Conjuration/Summoning        7
 z - a book of Changes

   Spells                             Type                      Level
   a - Beastly Appendage              Transmutation                1
   b - Sticks to Snakes               Transmutation                2
   c - Spider Form                    Transmutation/Poison         3
   d - Ice Form                       Ice/Transmutation            4
   e - Blade Hands                    Transmutation                5
Comestibles
 b - 4 beef jerkies
 c - 9 meat rations
 h - 3 slices of pizza
 K - 7 royal jellies
 X - 9 chunks of flesh


   Skills:
 + Level 10.0 Fighting
 + Level 13.3 Axes
 + Level 0.1 Throwing
 * Level 11.1 Armour
 + Level 3.0 Dodging
 + Level 2.2 Shields
 * Level 10.7 Invocations


You had 12 spell levels left.
You didn't know any spells.

Dungeon Overview and Level Annotations

Branches:
Dungeon (11/15)            Temple (0/1) D:4            Lair (6/6) D:9
  Swamp (0/4) Lair:2       Spider (0/4) Lair:4          Orc (0/2) D:10
  Slime: Lair:5-6

Altars:
Ashenzari
Hepliaklqana
Makhleb
Qazlal
Trog
Yredelemnul
Beogh


Innate Abilities, Weirdness & Mutations

Your body is rotting away.
You thrive on raw meat.
You are immune to poison.
You have sharp fingernails.
You are carnivorous and can eat meat at any time.
Your flesh is cold resistant. (rC+)
You are immune to negative energy. (rN+++)
You regenerate slowly when monsters are visible.
You are immune to unholy pain and torment.
You can survive without breathing.


Message History

The rime drake bites you but does no damage.
The catoblepas rams the ground with its head heavily.
The catoblepas gores you!
* * * LOW HITPOINT WARNING * * *
The spiny frog stings you but does no damage.
You are engulfed in calcifying dust.
The ice encasing you melts away.
The rime drake bites you but does no damage.
The spiny frog stings you but does no damage.
The catoblepas breathes a plume of calcifying dust at you.
The blast of calcifying dust hits you!
* * * LOW HITPOINT WARNING * * *
You are engulfed in calcifying dust.
The rime drake bites you but does no damage.
The spiny frog stings you but does no damage.
The catoblepas gores you!
* * * LOW HITPOINT WARNING * * *
The rime drake bites you but does no damage.
You are engulfed in calcifying dust.
The spiny frog stings you.
You die...

............P...P.....#
......................##
................#......#
.........(.............#
.............P.........#
.......P.............PP#
...P...[.........#......
.............../.k:...P#
.......#..♣♣.≈♣§@Y.....#
..........♣≈≈♣♣♣†F....##
.........♣♣P≈♣ ♣......#
.........♣♣♣.♣ ♣♣.......
......♣♣♣♣ ♣.♣ ♣♣.....
P.....P≈ .≈≈ .....
!......≈≈ ≈.≈ ....
......♣≈P♣ ....
#P....♣♣♣♣


You could see a catoblepas, a spiny frog and a rime drake.

Vanquished Creatures
  Erica (Lair:1)
  5 hill giants
  Pikel (D:8)
  A cyclops (D:11)
  2 ugly things
  3 ice statues (IceCv)
  3 black mambas
  7 spiny frogs
  3 rime drakes
  2 komodo dragons
  A troll (D:9)
  A jumping spider (Lair:4)
  A hornet (D:10)
  The ghost of loom the Conjurer, a novice VSCj (D:4)
  3 two-headed ogres
  3 blink frogs (Lair:5)
  6 hippogriffs
  5 redbacks (Lair:4)
  Sigmund (D:6)
  23 yaks
  2 wyverns
  A steam dragon (D:8)
  A basilisk (Lair:3)
  A hungry ghost (D:11)
  Menkaure (D:6)
  Edmund (D:4)
  Duvessa (D:4)
  11 porcupines
  16 water moccasins
  A swamp drake (Lair:2)
  3 orc warriors (D:10)
  4 slaves (D:8)
  2 black bears
  6 phantoms
  16 ice beasts
  5 sky beasts
  21 wolves
  4 ogres
  5 centaurs
  10 crocodiles
  21 bullfrogs
  3 scorpions
  A water moccasin skeleton (D:6)
  Dowan (D:4)
  21 killer bees (D:9)
  10 wights
  9 howler monkeys
  4 crimson imps
  A quasit (D:8)
  3 jellies
  7 hounds
  A centaur skeleton (D:10)
  7 orc priests
  11 orc wizards
  2 bullfrog skeletons
  A gnoll shaman (D:6)
  Terence (D:2)
  6 hell rats (Lair:3)
  3 iguanas
  7 worker ants
  A hound skeleton (D:8)
  A howler monkey zombie (D:6)
  Robin (D:2)
  8 gnolls
  A howler monkey skeleton (D:5)
  13 adders
  3 shadow imps
  2 oozes
  An adder skeleton (D:7)
  2 worms
  A dart slug (D:3)
  6 leopard geckos
  53 orcs
  7 bats
  2 giant cockroaches
  14 goblins
  11 hobgoblins
  3 jackals (D:8)
  11 kobolds
  4 quokkas
  2 frilled lizards (Lair:2)
  3 quokka skeletons
  6 rats
  2 fungi
  3 plants
466 creatures vanquished.

Vanquished Creatures (others)
  5 hydras
  An ugly thing (IceCv)
  A black mamba (Lair:6)
  3 fungi
  5 plants
15 creatures vanquished.

Grand Total: 481 creatures vanquished

Notes
Turn   | Place    | Note
-------+----------+-------------------------------------------
     0 | Abyss:1  | Gargoyl the Ghoul Abyssal Knight began the quest for the Orb.
     0 | Abyss:1  | Reached XP level 1. HP: 19/19 MP: 1/1
    75 | Abyss:1  | Noticed a ynoxinul
    90 | Abyss:1  | Noticed a quasit
   110 | D:1      | Escaped the Abyss
   324 | D:1      | Reached * piety under Lugonu
   324 | D:1      | Reached skill level 1 in Dodging
   454 | D:1      | Reached XP level 2. HP: 25/25 MP: 2/2
   859 | D:1      | Reached XP level 3. HP: 33/33 MP: 3/3
  1035 | D:2      | Noticed Robin
  1399 | D:2      | Noticed Terence
  1434 | D:2      | Killed Terence
  1434 | D:2      | Reached skill level 2 in Axes
  1434 | D:2      | Reached XP level 4. HP: 26/39 MP: 4/4
  1511 | D:2      | Killed Robin
  2007 | D:2      | Reached ** piety under Lugonu
  2337 | D:2      | Reached XP level 5. HP: 29/46 MP: 5/5
  2893 | D:3      | Reached skill level 3 in Axes
  2965 | D:3      | Found a faded altar of an unknown god.
  3146 | D:4      | Noticed loom's ghost (novice VSCj)
  3175 | D:5      | Entered Level 5 of the Dungeon
  3203 | D:5      | Reached XP level 6. HP: 30/51 MP: 7/7
  3669 | D:4      | Reached XP level 7. HP: 60/60 MP: 8/8
  3694 | D:4      | Noticed Dowan
  3696 | D:4      | Noticed Duvessa
  3705 | D:4      | Killed Dowan
  3708 | D:4      | Killed Duvessa
  3708 | D:4      | Reached skill level 4 in Axes
  3858 | D:4      | Got a fine war axe
  3859 | D:4      | Identified the +6 war axe of Karma {drain, rElec Int+3} (You found it on level 4 of the Dungeon)
  4013 | D:4      | Found a staircase to the Ecumenical Temple.
  4126 | D:4      | Noticed Edmund
  4137 | D:4      | Killed loom's ghost
  4137 | D:4      | Reached skill level 5 in Axes
  4137 | D:4      | Reached skill level 5 in Armour
  4137 | D:4      | Reached XP level 8. HP: 32/67 MP: 9/9
  4141 | D:4      | Killed Edmund
  4233 | D:5      | Reached skill level 5 in Fighting
  4623 | D:5      | Reached *** piety under Lugonu
  5253 | D:6      | Got a dazzling flail
  5254 | D:6      | Identified the +1 flail of Law {flame, Str+2} (You found it on level 6 of the Dungeon)
  5325 | D:6      | Noticed Menkaure
  5331 | D:6      | Killed Menkaure
  5331 | D:6      | Reached skill level 6 in Axes
  5609 | D:6      | Noticed Sigmund
  5617 | D:6      | Killed Sigmund
  5617 | D:6      | Reached XP level 9. HP: 75/75 MP: 11/11
  6121 | D:6      | Reached skill level 5 in Invocations
  6426 | D:7      | Reached skill level 7 in Axes
  6592 | D:7      | You fall through a shaft for 2 floors!
  6650 | D:9      | Found a staircase to the Lair.
  6693 | D:9      | Reached **** piety under Lugonu
  6740 | D:9      | Noticed a troll
  6767 | D:9      | Killed a troll
  6767 | D:9      | Reached skill level 8 in Axes
  6767 | D:9      | Reached XP level 10. HP: 17/84 MP: 13/13
  7123 | D:8      | Found a bloodstained altar of Trog.
  7124 | D:8      | Found a shattered altar of Ashenzari.
  7130 | D:8      | Found a basalt altar of Yredelemnul.
  7169 | D:8      | Noticed Pikel
  7196 | D:8      | Killed Pikel
  7303 | D:8      | Found a hazy altar of Hepliaklqana.
  7622 | D:7      | Reached ***** piety under Lugonu
  7855 | D:8      | Found a stormy altar of Qazlal.
  7857 | D:8      | Found a burning altar of Makhleb.
  8065 | D:8      | Reached skill level 9 in Axes
  8621 | D:10     | Entered Level 10 of the Dungeon
  8644 | D:10     | Reached XP level 11. HP: 40/92 MP: 15/15
  8843 | D:10     | Noticed a hill giant
  8852 | D:10     | Killed a hill giant
  8865 | D:10     | Noticed an eight-headed hydra
  8866 | D:10     | Banished an eight-headed hydra
  8867 | D:10     | Noticed a hill giant
  8880 | D:10     | Killed a hill giant
  8959 | D:10     | Reached skill level 10 in Axes
  8966 | D:10     | Found a staircase to the Orcish Mines.
  8971 | D:10     | Noticed a hill giant
  8979 | D:10     | Killed a hill giant
  9029 | D:10     | Found a roughly hewn altar of Beogh.
  9151 | D:10     | Noticed a hill giant
  9185 | D:10     | Killed a hill giant
  9460 | D:11     | Noticed a red ugly thing
  9471 | D:11     | Killed a red ugly thing
  9617 | D:11     | Noticed a hill giant
  9629 | D:11     | Killed a hill giant
  9648 | D:11     | Reached ****** piety under Lugonu
  9913 | D:11     | Reached XP level 12. HP: 100/102 MP: 17/17
 10030 | D:11     | Reached skill level 11 in Axes
 10079 | Lair:1   | Entered Level 1 of the Lair of Beasts
 10084 | Lair:1   | Noticed a six-headed hydra
 10086 | Lair:1   | Banished a six-headed hydra
 10102 | Lair:1   | Found a frozen archway.
 10234 | IceCv    | Entered an ice cave
 10486 | IceCv    | Reached skill level 10 in Armour
 10885 | Lair:1   | Noticed Erica
 10896 | Lair:1   | Killed Erica
 11309 | Lair:1   | Noticed a five-headed hydra
 11311 | Lair:1   | Banished a five-headed hydra
 11479 | Lair:1   | Noticed a four-headed hydra
 11483 | Lair:1   | Banished a four-headed hydra
 11483 | Lair:1   | Reached skill level 12 in Axes
 11748 | Lair:1   | Reached skill level 1 in Shields
 12164 | Lair:2   | Found a staircase to the Swamp.
 12522 | Lair:2   | Reached skill level 10 in Invocations
 12527 | Lair:2   | Reached XP level 13. HP: 108/111 MP: 19/19
 14397 | Lair:4   | Found a hole to the Spider Nest.
 14672 | Lair:4   | You fall through a shaft for 2 floors!
 14672 | Lair:6   | Entered Level 6 of the Lair of Beasts
 14899 | Lair:5   | Reached skill level 13 in Axes
 16480 | Lair:6   | Reached skill level 10 in Fighting
 16496 | Lair:6   | HP: 2/113 [catoblepas (5)]
 16497 | Lair:6   | Slain by a spiny frog

Skill      XL: |  1  2  3  4  5  6  7  8  9 10 11 12 13 |
---------------+----------------------------------------+-----
Armour         | 2 3 4 5 6 7 8 9 10 11 | 11.1
Dodging        | 1 2 3 |  3.0
Axes           | 2 3 5 6 8 9 10 12 13 | 13.3
Fighting       | 4 5 6 7 8 9 10 | 10.0
Invocations    | 3 4 6 7 8 10 | 10.7
Shields        | 1 2 |  2.2
Throwing       | |  0.1

Action                   |  1- 3 |  4- 6 |  7- 9 | 10-12 | 13-15 || total
-------------------------+-------+-------+-------+-------+-------++-------
Melee: Hand axe          |   130 |   201 |       |       |       ||   331
       Battleaxe         |       |    25 |    11 |       |       ||    36
       War axe           |       |       |   254 |   536 |       ||   790
       Executioner's axe |       |       |       |   130 |   257 ||   387
Throw: Javelin           |       |       |       |     1 |     6 ||     7
Invok: Depart the Abyss  |     1 |       |       |       |       ||     1
       Banish            |       |       |       |     8 |     3 ||    11
  Use: Scroll            |     3 |    11 |     5 |     7 |     3 ||    29
       Potion            |       |       |       |    10 |     2 ||    12
 Stab: Petrified         |       |       |       |       |     5 ||     5
  Eat: Chunk             |    13 |    20 |    37 |   128 |    62 ||   260
Armor: Chain mail        |   143 |   118 |   147 |   190 |       ||   598
       Plate armour      |       |       |       |   258 |    63 ||   321
       Storm dragon scal |       |       |       |       |   208 ||   208
Dodge: Dodged            |    71 |   127 |   133 |   306 |   209 ||   846
Block: Other             |    11 |    49 |    70 |   174 |   109 ||   413
       Reflection        |       |       |     1 |     5 |     1 ||     7
